 Dungeon Crawl Stone Soup version 0.25-a0-523-g9afb2ee040 (webtiles) character file.

Game seed: 4007362823678034931, levelgen mode: classic

2039 EnegeticOcto the Chopper (level 9, 78/85 HPs)
             Began as a Deep Dwarf Fighter on Feb 18, 2020.
             Was a Follower of Makhleb.
             Quit the game on level 6 of the Dungeon.
             The game lasted 00:02:25 (2571 turns).

EnegeticOcto the Chopper (Deep Dwarf Fighter)       Turns: 2571, Time: 00:02:25

Health: 78/85      AC:  8    Str: 22    XL:     9   Next: 4%
Magic:  5/5        EV:  2    Int: 10    God:    Makhleb [*.....]
Gold:   137        SH:  0    Dex: -3 (12) Spells: 8/8 levels left

rFire    . . .     SeeInvis .   d - +2 battleaxe
rCold    + . .     Gourm    .   (shield currently unavailable)
rNeg     . . .     Faith    +   b - +1 scale mail
rPois    .         Spirit   .   (no helmet)
rElec    .         Reflect  .   (no cloak)
rCorr    .         Harm     .   (no gloves)
MR       +....                  (no boots)
Stlth    ..........             j - amulet of faith
HPRegen  0.00/turn              m - ring of protection from cold
MPRegen  0.09/turn              (no ring)

@: non-regenerating, slowed, lost dexterity, very slow
A: damage resistance, heal wounds, sense surroundings 2, no regeneration
a: Heal Wounds, Renounce Religion


You were on level 6 of the Dungeon.
You worshipped Makhleb.
Makhleb was aware of your devotion.
You were not hungry.

You visited 2 branches of the dungeon, and saw 7 of its levels.

You collected 137 gold pieces.

Inventory:

Hand Weapons
 d - a +2 battleaxe (weapon)
Armour
 b - a +1 scale mail (worn)
Jewellery
 j - an amulet of faith (around neck)
 l - an uncursed amulet of guardian spirit {unknown}
 m - a ring of protection from cold (left hand)
Wands
 n - a wand of iceblast (9)
 o - a wand of scattershot (5)
 t - a wand of polymorph (9)
Scrolls
 c - a scroll of teleportation {unknown}
 h - 2 scrolls of identify {@r1}
 i - a scroll of enchant armour
 q - a scroll of blinking {@r3}
Potions
 f - a potion of haste {unknown}
 g - a potion of stabbing {unknown}
 k - a potion of might {@q3}
 r - a potion of lignification {unknown}
Comestibles
 e - 7 rations


   Skills:
 * Level 6.4 Fighting
 * Level 7.1 Axes
 + Level 5.8 Armour
 + Level 4.6 Dodging
   Level 4.2 Shields
 + Level 4.8 Invocations


You had 8 spell levels left.
You didn't know any spells.
Your spell library was empty.

Dungeon Overview and Level Annotations

Branches:
Dungeon (6/15)             Temple (1/1) D:4

Altars:
Ashenzari
Cheibriados
Dithmenos
Elyvilon
Fedhas
Makhleb
Nemelex Xobeh
Okawaru
Vehumet
Xom
Yredelemnul

Shops:
D:4 ?

Annotations:
D:4 2 transporters


Innate Abilities, Weirdness & Mutations

You are resistant to damage.
You can heal yourself by infusing magical energy.
You passively map the area around you.
You do not regenerate.


Message History

You closely miss the shadow imp.
The shadow imp is lightly wounded.
The shadow imp hits you. The shadow imp barely misses you.
You barely miss the shadow imp.
The shadow imp is lightly wounded.
The shadow imp barely misses you.
A shadow imp is nearby!
A shadow imp is nearby!
A shadow imp is nearby!
A shadow imp is nearby!
A shadow imp is nearby!
You barely miss the shadow imp.
The shadow imp is lightly wounded.
The shadow imp closely misses you.
You barely miss the shadow imp.
The shadow imp is lightly wounded.
The shadow imp hits you but does no damage.
The shadow imp barely misses you.
You hit the shadow imp.
The shadow imp is heavily wounded.
The shadow imp closely misses you.
You hit the shadow imp but do no damage.
The shadow imp is heavily wounded.
The shadow imp hits you.
You closely miss the shadow imp.
The shadow imp is heavily wounded.
The shadow imp hits you but does no damage.
The shadow imp closely misses you.
You slash the shadow imp!
You kill the shadow imp!
Makhleb accepts your kill.
You feel better.
No target in view!
You now have 137 gold pieces (gained 1).
You open the door.
Found a stone staircase leading down.
There is an open door here.
Found a stone staircase leading up.
There is an open door here.
There is a stone staircase leading down here.
You open the door.
A quasit comes into view.
The quasit gives a chilling moan.
Found a scale mail.
There is an open door here.
A quasit is nearby!
A quasit is nearby!
A quasit is nearby!
A quasit is nearby!
You closely miss the quasit.
The quasit bites you but does no damage.
The quasit barely misses you. The quasit claws you.
You barely miss the quasit. The quasit barely misses you. The quasit claws you.
The quasit closely misses you. x2; The quasit claws you.
You feel clumsy.
The quasit claws you but does no damage.
You miss the quasit.
The quasit bites you but does no damage.
The quasit claws you.
The quasit claws you but does no damage.
The quasit bites you but does no damage.
The quasit claws you but does no damage. x2
You barely miss the quasit. The quasit closely misses you. x2
The quasit claws you but does no damage.
The quasit bites you but does no damage.
The quasit claws you but does no damage. x2
Your scale mail prevents you from hitting the quasit.
The quasit bites you but does no damage.
The quasit claws you.
You feel clumsy.
You have lost your dexterity.
The quasit claws you but does no damage.
The quasit bites you but does no damage.
The quasit claws you but does no damage. x2
The quasit bites you but does no damage.
The quasit claws you but does no damage.
The quasit claws you.
The quasit bites you but does no damage.
The quasit claws you.
The quasit claws you but does no damage.
The quasit bites you.
You feel clumsy.
The quasit claws you but does no damage. x2
You can move again.
You hit the quasit.
The quasit is lightly wounded.
The quasit bites you but does no damage.
The quasit claws you but does no damage. x2
The quasit bites you but does no damage.
The quasit completely misses you. The quasit barely misses you.
The quasit bites you.
You feel clumsy.
The quasit claws you but does no damage. x2
Your magical essence is drained by the effort!
You feel much better.
The quasit bites you but does no damage.
The quasit claws you but does no damage. x2
The quasit bites you.
You feel clumsy.
The quasit claws you but does no damage. x2
Are you sure you want to abandon this character and quit the game? (Confirm with "yes".)

#...# #.#.......# #.#
#...# #.#.......# #.#
#...# #.#.......# #.#
#...# #.#.####### #.#
....# #.#.#
##############.# #.###
#.#.# #..............# ..#
#.#.# #####.##############
#.#####.#.###...#.########
...........#....@........#
.....##.#.##...5#.######.#
.....##.#.##...[#.#
......#.#.##.#....# **
......#.#.## #.####
......#.#.# #. * ,
......#.#.# #.* *,
......#.#.#* #. *
..#####.#.# * ** *


You could see a quasit.

Vanquished Creatures
  A wyvern (D:5)
  Duvessa (D:5)
  3 ice beasts
  An orc warrior (D:6)
  A sky beast (D:5)
  3 ogres
  A centaur (D:6)
  A bullfrog (D:6)
  Dowan (D:5)
  A wyvern skeleton (D:6)
  2 scorpions (D:6)
  3 wights (D:5)
  A quasit (D:6)
  5 hounds
  A jelly (D:5)
  A bullfrog skeleton (D:5)
  An orc priest (D:4)
  6 worker ants
  A hound zombie (D:5)
  A howler monkey zombie (D:5)
  4 gnolls (D:5)
  7 adders
  2 shadow imps
  An ooze (D:5)
  5 leopard geckos
  5 orcs
  2 giant cockroaches
  A goblin (D:1)
  5 jackals
  A kobold (D:1)
  2 quokkas
  2 bats (D:1)
  A jackal skeleton (D:5)
  2 rats
76 creatures vanquished.

Notes
Turn   | Place    | Note
-------+----------+-------------------------------------------
     0 | D:1      | EnegeticOcto the Deep Dwarf Fighter began the quest for the
                  | Orb.
     0 | D:1      | Reached XP level 1. HP: 20/20 MP: 1/1
    82 | D:1      | Reached XP level 2. HP: 25/27 MP: 2/2
   260 | D:4      | Reached XP level 3. HP: 32/34 MP: 3/3
   268 | D:4      | Found a transporter.
   288 | D:4      | Reached skill level 1 in Dodging
   294 | D:4      | Reached skill level 3 in Axes
   294 | D:4      | Reached XP level 4. HP: 37/42 MP: 4/4
   334 | D:4      | Found a blossoming altar of Fedhas.
   404 | D:4      | Reached XP level 5. HP: 43/49 MP: 4/4
   405 | D:4      | Found a staircase to the Ecumenical Temple.
   439 | Temple   | Entered the Ecumenical Temple
   452 | Temple   | Became a worshipper of Makhleb the Destroyer
   577 | D:4      | Found Reniowko's Magic Scroll Boutique.
   765 | D:4      | Found a transporter.
   765 | D:4      | Noticed a toenail golem
   936 | D:5      | Entered Level 5 of the Dungeon
   967 | D:5      | Reached skill level 4 in Axes
   967 | D:5      | Reached skill level 1 in Invocations
   971 | D:5      | Found a basalt altar of Yredelemnul.
   998 | D:5      | Reached XP level 6. HP: 35/57 MP: 5/5
  1221 | D:5      | Noticed a wyvern
  1221 | D:5      | Noticed an ice beast
  1232 | D:5      | Killed an ice beast
  1232 | D:5      | Reached XP level 7. HP: 33/66 MP: 7/7
  1301 | D:5      | Reached skill level 5 in Axes
  1331 | D:5      | Killed a wyvern
  1331 | D:5      | Reached skill level 5 in Fighting
  1447 | D:5      | Noticed Dowan
  1447 | D:5      | Noticed Duvessa
  1468 | D:5      | Killed Duvessa
  1468 | D:5      | Reached * piety under Makhleb
  1468 | D:5      | Reached skill level 5 in Armour
  1468 | D:5      | Reached XP level 8. HP: 71/74 MP: 5/5
  1470 | D:5      | Killed Dowan
  1521 | D:5      | Reached skill level 6 in Axes
  1731 | D:5      | Found a shimmering altar of Xom.
  1731 | D:5      | Found a shadowy altar of Dithmenos.
  2189 | D:6      | Reached skill level 7 in Axes
  2361 | D:6      | Found a white marble altar of Elyvilon.
  2394 | D:6      | Gained mutation: You passively map the area around you.
                  | [Deep Dwarf growth]
  2394 | D:6      | Reached XP level 9. HP: 53/85 MP: 6/6
  2565 | D:6      | Lost dexterity.
  2571 | D:6      | Quit the game

Levels and vault maps discovered:
D:1:      lightli_arrival_boilingwater, layout_basic
D:2:      layout_loops_cross, kennysheep_path_1, uniq_terence, uniq_natasha,
          uniq_sigmund
D:3:      layout_basic, ebering_ghost_inner_flame, first_ration
D:4:      layout_loops_ring, minmay_temple_entry_grid,
          gammafunk_ghost_abyssal_escape, serial_shops, kennysheep_mini,
          fedhas_altar_1
D:5:      minmay_clustersquares, layout_basic, nicolae_overflow_crystal_walls,
          gammafunk_temple_overflow_statue, uniq_duvessa
D:6:      layout_basic, lemuel_crystal_altar
Temple:   compressed_dpeg_circular_temple

Skill      XL: |  1  2  3  4  5  6  7  8 |
---------------+-------------------------+-----
Fighting       | 3 4 5 6 |  6.4
Dodging        | 1 2 3 4 |  4.6
Axes           | 3 4 5 7 |  7.1
Armour         | 4 5 |  5.8
Shields        | 4 |  4.2
Invocations    | 1 2 3 4 |  4.8

Action                   |  1- 3 |  4- 6 |  7- 9 || total
-------------------------+-------+-------+-------++-------
Melee: War axe           |    53 |   109 |       ||   162
       Battleaxe         |       |     9 |   206 ||   215
 Abil: Heal Wounds       |       |     3 |    17 ||    20
  Use: Scroll            |       |       |     6 ||     6
  Eat: Chunk             |       |     1 |     5 ||     6
Armor: Scale mail        |    32 |    60 |   209 ||   301
Dodge: Dodged            |    17 |    39 |   214 ||   270
Block: Kite shield       |    33 |    60 |       ||    93

Table legend:
 A = Non-vault XP
 B = Vault XP
 C = Vault XP percentage of total XP
 D = Non-vault monster count
 E = Vault monster count
 F = Vault count percentage of total count
                 A         B        C        D         E       F
            +---------+---------+-------+---------+---------+-------
      Total |    2025 |     889 |  30.5 |      66 |      10 |  13.2
            +---------+---------+-------+---------+---------+-------
        D:1 |      12 |       0 |   0.0 |       7 |       0 |   0.0
        D:2 |       1 |       0 |   0.0 |       1 |       0 |   0.0
        D:3 |       1 |       0 |   0.0 |       1 |       0 |   0.0
        D:4 |     240 |       0 |   0.0 |      16 |       0 |   0.0
        D:5 |     708 |     889 |  55.7 |      21 |      10 |  32.3
        D:6 |    1063 |       0 |   0.0 |      20 |       0 |   0.0
            +---------+---------+-------+---------+---------+-------
